 Dungeon Crawl Stone Soup version 0.27-a0-660-g90476cec82 (webtiles) character file.

Game seed: 17366343535262386966

4582 pokeman the Thaumaturge (level 10, -8/56 HPs)
             Began as a Deep Elf Hedge Wizard on Mar 16, 2021.
             Was a Priest of Vehumet.
             Mangled by a basilisk (13 damage)
             ... on level 8 of the Dungeon.
             The game lasted 00:30:29 (10359 turns).

pokeman the Thaumaturge (Deep Elf Hedge Wizard)    Turns: 10359, Time: 00:30:30

Health: -8/56      AC:  7    Str: 13    XL:     10   Next: 18%
Magic:  13/37      EV: 12    Int: 23    God:    Vehumet [***...]
Gold:   292        SH:  0    Dex: 14    Spells: 22/34 levels left

rFire    . . .     SeeInvis .   m - +0 hand axe (elec)
rCold    + . .     Faith    .   (no shield)
rNeg     . . .     Spirit   .   z - +2 leather armour {rC+}
rPois    .         Reflect  .   c - +0 hat
rElec    .         Harm     .   p - scarf {repulsion}
rCorr    .         Rampage  .   l - +0 pair of gloves
Will     +....                  r - +0 pair of boots
Stlth    ++........             (no amulet)
HPRegen  0.18/turn              f - +6 ring of strength
MPRegen  0.25/turn              x - ring of magical power

@: repel missiles
A: no striking features
a: Renounce Religion


You were on level 8 of the Dungeon.
You worshipped Vehumet.
Vehumet was most pleased with you.
You visited 1 branch of the dungeon, and saw 8 of its levels.

You collected 292 gold pieces.

Inventory:

Hand Weapons
 m - a +0 hand axe of electrocution (weapon)
Missiles
 a - 18 bolts
 o - 44 arrows
Armour
 c - a +0 hat (worn)
 l - a +0 pair of gloves (worn)
 p - a scarf of repulsion (worn)
 r - a +0 pair of boots (worn)
 z - a +2 leather armour of cold resistance (worn)
 E - a +0 buckler
Jewellery
 f - a +6 ring of strength (right hand)
 n - a ring of fire
 x - a ring of magical power (left hand)
 y - a ring of positive energy
 D - a ring of see invisible
 F - a ring of poison resistance
 H - a ring of ice
Wands
 C - a wand of random effects (26)
Scrolls
 h - 3 scrolls of magic mapping {unknown}
 j - 6 scrolls of enchant armour {unknown}
 k - 8 scrolls of teleportation {unknown}
 q - a scroll of fear {unknown}
 s - 5 scrolls of identify {unknown}
 u - 2 scrolls of enchant weapon {unknown}
 v - 3 scrolls of blinking {unknown}
 w - 3 scrolls of immolation {unknown}
Potions
 b - a potion of degeneration {unknown}
 d - 3 potions of might {unknown}
 e - a potion of resistance {unknown}
 g - 3 potions of flight {unknown}
 t - 2 potions of haste {unknown}
 A - 2 potions of curing {unknown}
 B - a potion of brilliance {unknown}
 G - a potion of heal wounds


   Skills:
 + Level 3.8 Fighting
 - Level 3.4 Armour
 - Level 3.0 Dodging
 - Level 3.0 Stealth
 * Level 12.7 Spellcasting
 + Level 7.3 Conjurations
 - Level 1.1 Summonings
 - Level 1.1 Translocations
 + Level 6.5 Fire Magic
 - Level 1.0 Air Magic
 - Level 1.0 Poison Magic


You had 22 spell levels left.
You knew the following spells:

 Your Spells              Type           Power      Damage    Failure   Level
a - Magic Dart            Conj           100%       1d8       1%          1
b - Mephitic Cloud        Conj/Pois/Air  29%        N/A       1%          3
c - Call Imp              Summ           19%        N/A       4%          2
d - Blink                 Tloc           N/A        N/A       4%          2
e - Conjure Flame         Conj/Fire      46%        6-21      1%          3
f - Shock                 Conj/Air       100%       1d9       1%          1

Your spell library contained the following spells:

 Spells                   Type           Power      Damage    Failure   Level
 Inner Flame              Hex/Fire       29%        N/A       1%          3
 Slow                     Hex            14%        N/A       8%          2


Dungeon Overview and Level Annotations

Branches:
Dungeon (8/15)             Temple (0/1) D:4
   Lair: D:8-11

Altars:
Ashenzari
Fedhas
Okawaru
Sif Muna
Trog
Uskayaw
Vehumet
Wu Jian
Yredelemnul

Shops:
D:6 [

Annotations:
D:8 Grum


Message History

The wolf appears confused.
Unknown command.
Unknown command.
You catch the helpless basilisk completely off-guard!
You hit the basilisk.
The basilisk is almost dead.
You hit the jackal but do no damage.
The wolf is engulfed in noxious fumes.
The wolf appears confused.
The wolf is engulfed in noxious fumes.
The wolf appears confused.
The jackal is engulfed in noxious fumes.
The jackal bites you.
* * * LOW HITPOINT WARNING * * *
The wolf is engulfed in noxious fumes.
The wolf appears confused.
The basilisk is engulfed in noxious fumes.
The jackal is engulfed in noxious fumes.
The jackal appears confused.
The jackal closely misses you.
You barely miss the basilisk.
The basilisk is almost dead.
You barely miss the jackal.
The wolf is engulfed in noxious fumes.
The basilisk barely misses you.
The jackal is engulfed in noxious fumes.
The jackal appears confused.
The jackal barely misses you.
The wolf is engulfed in noxious fumes.
The wolf appears confused.
The wolf completely misses the wolf.
The jackal is engulfed in noxious fumes.
The jackal appears confused.
The basilisk bites you.
* * * LOW HITPOINT WARNING * * *
Unknown command.
Okay, then.
Unknown command.
Unknown command.
The wolf is engulfed in noxious fumes.
The wolf appears confused.
The wolf closely misses the jackal.
The wolf bites itself!
The wolf is engulfed in noxious fumes.
The jackal bites Grum.
The jackal barely misses itself.
The wolf is engulfed in noxious fumes.
The wolf appears confused.
The wolf bites the jackal!
The jackal is killed!
Vehumet accepts your kill. The basilisk bites you!
You die...

... #... P.
#... #....
..... .....
### ......
#.##
..h.h°###..##
#>hhh°....#
.#.##g)@..##
#......#l..#
#......#...#
#....#.†..##
.....#.†###
........
........
........
.#.....


You could see Grum (confused), a basilisk (confused), 3 wolves and 2 jackals.

Vanquished Creatures
  A death yak (D:7)
  A two-headed ogre (D:5)
  Maurice (D:8)
  A spriggan (D:7)
  Eustachio (D:5)
  A sky beast (D:7)
  An orc warrior (D:7)
  2 ice beasts
  5 ogres
  A black bear (D:8)
  A phantom (D:4)
  Blork the orc (D:5)
  4 bullfrogs
  A wyvern skeleton (D:6)
  4 wights (D:6)
  4 killer bees (D:8)
  3 howler monkeys
  2 jellies
  A quasit (D:6)
  2 hounds (D:4)
  3 orc priests (D:4)
  A bullfrog skeleton (D:7)
  A centaur skeleton (D:7)
  6 orc wizards
  6 worker ants
  A killer bee zombie (D:6)
  A hound skeleton (D:7)
  A howler monkey zombie (D:7)
  A worker ant zombie (D:5)
  A howler monkey skeleton (D:4)
  7 gnolls (D:4)
  3 adders
  2 shadow imps (D:7)
  3 white imps
  An ufetubus (D:8)
  4 worms
  2 dart slugs
  8 leopard geckos
  19 orcs
  10 bats
  3 giant cockroaches
  7 goblins
  6 hobgoblins
  11 jackals
  4 kobolds
  4 quokkas
  2 frilled lizards
  A leopard gecko skeleton (D:7)
  2 leopard gecko zombies
  3 rats
  A spectral orc (D:2)
163 creatures vanquished.

Vanquished Creatures (collateral kills)
  Maggie (D:8)
  An orc wizard (D:5)
2 creatures vanquished.

Vanquished Creatures (others)
  A plant (D:8)
1 creature vanquished.

Grand Total: 166 creatures vanquished

Notes
Turn   | Place    | Note
-------+----------+-------------------------------------------
     0 | D:1      | pokeman the Deep Elf Hedge Wizard began the quest for the
                  | Orb.
     0 | D:1      | Reached XP level 1. HP: 10/10 MP: 7/7
   379 | D:1      | Reached XP level 2. HP: 16/16 MP: 5/9
   827 | D:1      | You fall into a shaft and drop 1 floor!
   827 | D:2      | Found a basalt altar of Yredelemnul.
   958 | D:2      | Reached skill level 5 in Spellcasting
  1322 | D:1      | Reached XP level 3. HP: 20/20 MP: 6/11
  1326 | D:1      | Learned a level 3 spell: Mephitic Cloud
  1329 | D:1      | Learned a level 2 spell: Call Imp
  1332 | D:1      | Learned a level 2 spell: Blink
  1336 | D:1      | Learned a level 3 spell: Conjure Flame
  1667 | D:2      | Reached skill level 1 in Armour
  2120 | D:2      | Found a bloodstained altar of Trog.
  2136 | D:2      | Found a hide-covered altar of Uskayaw.
  2174 | D:2      | Reached skill level 1 in Fighting
  2542 | D:2      | Found an iron altar of Okawaru.
  2650 | D:2      | Found a radiant altar of Vehumet.
  2654 | D:2      | Became a worshipper of Vehumet
  3329 | D:3      | Reached XP level 4. HP: 16/25 MP: 5/13
  3685 | D:3      | Found a broken altar of Ashenzari.
  3745 | D:4      | Reached skill level 1 in Fire Magic
  3750 | D:4      | Noticed an ice beast
  3918 | D:4      | Noticed a phantom
  3925 | D:4      | Reached skill level 6 in Spellcasting
  3925 | D:4      | Reached XP level 5. HP: 29/29 MP: 4/15
  4068 | D:4      | Noticed an ogre
  4213 | D:3      | Killed an ogre
  4214 | D:3      | Reached skill level 1 in Air Magic
  4527 | D:4      | Reached XP level 6. HP: 30/34 MP: 10/17
  4788 | D:4      | Reached skill level 1 in Poison Magic
  4789 | D:4      | Reached skill level 7 in Spellcasting
  5378 | D:4      | Reached * piety under Vehumet
  5378 | D:4      | Offered knowledge of Shock by Vehumet.
  5379 | D:4      | Reached XP level 7. HP: 33/39 MP: 8/20
  5381 | D:4      | Learned a level 1 spell: Shock
  5730 | D:4      | Reached skill level 8 in Spellcasting
  5993 | D:4      | Found a staircase to the Ecumenical Temple.
  6255 | D:5      | Entered Level 5 of the Dungeon
  6340 | D:5      | Identified the +5 hunting sling of Awkwardness {freeze,
                  | Str+4 Dex+2}
  6599 | D:5      | Noticed Eustachio
  6624 | D:5      | Noticed Blork the orc
  6681 | D:5      | Killed Eustachio
  6682 | D:5      | Reached skill level 9 in Spellcasting
  6682 | D:5      | Reached XP level 8. HP: 12/44 MP: 14/23
  6939 | D:5      | Noticed a two-headed ogre
  6958 | D:5      | Killed a two-headed ogre
  6959 | D:5      | Reached skill level 10 in Spellcasting
  6959 | D:5      | Reached skill level 5 in Conjurations
  7359 | D:5      | Found a shimmering blue altar of Sif Muna.
  7390 | D:5      | Identified Sif Muna's Tome of Flight
  7503 | D:5      | Killed Blork the orc
  7800 | D:6      | Reached XP level 9. HP: 48/48 MP: 25/25
  8033 | D:6      | Found a broken altar of Ashenzari.
  8237 | D:6      | Reached skill level 5 in Fire Magic
  8295 | D:6      | Found Hazy's Armour Shop.
  8557 | D:7      | Reached skill level 11 in Spellcasting
  8620 | D:7      | Found a blossoming altar of Fedhas.
  8736 | D:7      | Reached ** piety under Vehumet
  8756 | D:7      | Offered knowledge of Searing Ray by Vehumet.
  9798 | D:7      | Found an ornate altar of the Wu Jian Council.
  9912 | D:8      | Noticed Maggie
  9914 | D:8      | Noticed Maurice
  9931 | D:8      | Killed Maggie
  9932 | D:8      | Noticed a death yak
  9933 | D:8      | Noticed Grum
  9935 | D:8      | Offered knowledge of Inner Flame by Vehumet.
  9935 | D:8      | Noticed an elephant
  9948 | D:7      | HP: 1/50 [worker ant (7)]
  9988 | D:7      | Killed a death yak
  9989 | D:7      | Reached skill level 12 in Spellcasting
  9989 | D:7      | Reached XP level 10. HP: 9/56 MP: 2/28
 10328 | D:8      | Reached *** piety under Vehumet
 10341 | D:8      | Killed Maurice
 10359 | D:8      | Mangled by a basilisk

Illustrated notes

Levels and vault maps discovered:
D:1:      lemuel_arrival_river_passageway, layout_basic, minivault_26,
          minmay_pentomino_u4
D:2:      layout_basic, nicolae_overflow_quartered_altars,
          yredelemnul_forgotten_temple_becter
D:3:      layout_rooms, lemuel_doored_altar
D:4:      layout_loops_ring, minmay_temple_entry_butterflies,
          small_statue_intersection
D:5:      layout_cave_pods, minmay_strange_pillars, led_sif_book,
          uniq_eustachio, uniq_blork_the_orc
D:6:      layout_basic, serial_shops, shop, hangedman_glass_teeth,
          hangedman_decor_lopped, cheibrodos_ashenzari_chains
D:7:      layout_cave_pods, nzn_wu_jian_council_hall, overflow_temple_1_default,
          the_bakery
D:8:      layout_cave_pools, david_lair_generic, serial_shops, shop, uniq_grum,
          uniq_maggie, uniq_maurice

Skill      XL: |  1  2  3  4  5  6  7  8  9 |
---------------+----------------------------+-----
Spellcasting   | 5 6 7 9 10 12 | 12.7
Armour         | 1 2 3 |  3.4
Fighting       | 1 2 3 |  3.8
Conjurations   | 2 3 4 5 7 |  7.3
Fire Magic     | 1 2 3 4 6 |  6.5
Dodging        | 3 |  3.0
Air Magic      | 1 |  1.0
Stealth        | 3 |  3.0
Poison Magic   | 1 |  1.0
Summonings     | |  1.1
Translocations | |  1.1

Action                   |  1- 3 |  4- 6 |  7- 9 | 10-12 || total
-------------------------+-------+-------+-------+-------++-------
Melee: Dagger            |     9 |    25 |       |       ||    34
       Trident           |       |       |    45 |       ||    45
       Hand axe          |       |       |    24 |    14 ||    38
 Cast: Magic Dart        |   153 |   132 |   192 |     2 ||   479
       Mephitic Cloud    |       |    10 |    26 |     5 ||    41
       Conjure Flame     |       |     4 |    23 |     1 ||    28
       Call Imp          |       |     4 |     4 |       ||     8
       Blink             |       |       |     5 |       ||     5
       Shock             |       |       |     6 |    33 ||    39
 Stab: Confused          |       |     2 |     6 |     3 ||    11
Armor: Robe              |     3 |       |       |       ||     3
       Leather armour    |     5 |    16 |    19 |    10 ||    50
Dodge: Dodged            |    28 |    50 |    40 |    29 ||   147
       Repelled          |       |     2 |     1 |     1 ||     4

Table legend: (Time is in decaauts)
 A = Elapsed time spent in this place.
 B = Non-inter-level travel time spent in this place.
 C = Inter-level travel time spent in this place.
 D = Time resting spent in this place.
 E = Time spent auto-exploring this place.
 F = Levels seen in this place.
 G = Mean time per level.
                   A        B        C        D        E       F      G
               +--------+--------+--------+--------+--------+-----+--------+
         Total |  10400 |  10024 |    376 |   1531 |   6758 |   8 | 1300.0 |
       Dungeon |  10400 |  10024 |    376 |   1531 |   6758 |   8 | 1300.0 |
               +--------+--------+--------+--------+--------+-----+--------+

Top non-repeatable levels by time:
     D:3: 1808 daAuts
     D:7: 1715 daAuts
     D:2: 1579 daAuts
     D:4: 1559 daAuts
     D:5: 1432 daAuts
     D:1: 1329 daAuts
     D:6: 849 daAuts
     D:8: 127 daAuts
